Map: Heavy Artillery LE

Players

Massa - Winner!

  • Race: Terran Terran
  • League: Platinum
  • Spawn Location: 3:00

qqq - Winner!

  • Race: Protoss Protoss
  • League: Platinum
  • Spawn Location: 1:00

Dop

  • Race: Zerg Zerg
  • League: Diamond
  • Spawn Location: 7:00

BroNumberOne

  • Race: Protoss Protoss
  • League: Diamond
  • Spawn Location: 7:00

VOD

Have the link to the VOD?

Description

Time

  • Played on: Jan. 19, 2021, 2:03 p.m.
  • Length: 13:23
Show
View Real Time Build Order
Export as new Build Order

Massa Terran - Winner!

Build Orders:  

Get SALT Encoding   

  12  0:00  SCV  
  13  0:12  SCV  
  14  0:24  SCV  
  14  0:25  Supply Depot  
  15  0:47  SCV  
  15  0:48  Refinery  
  16  0:50  Barracks  
  16  0:59  SCV  
  17  1:11  SCV  
  18  1:23  SCV  
  19  1:34  Command Center  
  19  1:38  Barracks Reactor  
  19  1:42  Orbital Command  
  19  2:04  Supply Depot  
  19  2:09  SCV  
  20  2:16  Marine x2  
  20  2:17  Factory  
  22  2:29  SCV  
  23  2:34  Marine x2  
  25  2:50  Orbital Command  
  25  2:54  SCV  
  25  2:58  Marine x2  
  28  3:06  SCV  
  28  3:08  Starport  
  29  3:15  SCV  
  29  3:18  SCV  
  31  3:21  Engineering Bay  
  31  3:28  SCV  
  31  3:31  SCV  
  33  3:36  Hellion x2  
  33  3:37  Barracks Tech Lab  
  37  3:41  SCV  
  37  3:43  SCV  
  37  3:45  Supply Depot  
  39  3:50  Refinery  
  39  3:51  Missile Turret  
  39  3:55  SCV  
  39  3:56  SCV  
  39  3:57  Hellion  
  39  3:58  Hellion  
  45  4:05  Barracks Tech Lab  
  45  4:06  Banshee  
  45  4:08  SCV  
  49  4:10  Supply Depot  
  44  4:34  Widow Mine x2  
  44  4:35  Cloaking Field  
  41  5:12  Banshee  
  42  5:15  Marine  
  42  5:16  Stimpack  
  42  5:17  SCV x2  
  45  5:22  Missile Turret  
  45  5:23  Refinery  
  45  5:26  Barracks  
  45  5:28  Barracks  
  45  5:29  SCV x2, Barracks  
  45  5:30  Barracks  
  45  5:41  SCV  
  44  5:45  SCV  
  45  5:53  SCV  
  45  5:56  Banshee  
  49  5:57  SCV  
  50  6:05  SCV  
  50  6:09  SCV  
  50  6:10  Marauder  
  54  6:15  Barracks Tech Lab  
  54  6:17  Barracks Reactor, Barracks Tech Lab, SCV  
  54  6:18  Barracks Tech Lab  
  55  6:19  Supply Depot  
  55  6:22  Command Center  
  55  6:23  Supply Depot  
  55  6:32  Marauder  
  54  6:53  Marauder  
  60  6:54  Marauder x3, Marine x2  
  61  7:05  Medivac  
  63  7:12  Marine x2  
  63  7:15  Marauder x2, Marine  
  71  7:16  Marauder  
  71  7:18  Factory Tech Lab  
  71  7:22  SCV x2  
  74  7:23  Barracks  
  74  7:29  Combat Shield  
  74  7:30  Marine x2  
  74  7:31  Concussive Shells  
  74  7:34  SCV x2  
  78  7:40  Missile Turret  
  78  7:42  Armory  
  78  7:46  SCV x2  
  78  7:48  Factory  
  78  7:49  Factory  
  80  7:54  Refinery  
  80  7:58  SCV  
  79  7:59  SCV  
  79  8:03  Missile Turret  
  78  8:09  Medivac  
  78  8:10  SCV  
  78  8:11  SCV, Marauder x3, Marine  
  78  8:12  Marine x2  
  91  8:20  SCV  
  91  8:22  SCV  
  91  8:25  Missile Turret  
  91  8:26  Refinery  
  93  8:30  Supply Depot  
  93  8:31  Supply Depot  
  93  8:34  Factory Reactor  
  93  8:35  Factory Tech Lab  
  93  8:50  Sensor Tower  
  93  8:51  Marine x4  
  93  8:52  SCV, Marine x2, Siege Tank  
  104  8:55  Planetary Fortress  
  104  8:57  SCV  
  104  9:04  SCV  
  104  9:08  Drilling Claws  
  104  9:09  SCV, Marine x3  
  109  9:17  Supply Depot  
  109  9:20  Supply Depot  
  109  9:37  Supply Depot  
  109  9:39  Widow Mine, SCV, Marine x5  
  109  9:41  Marine, Supply Depot  
  109  9:42  Widow Mine x2  
  122  9:49  Siege Tank  
  125  9:57  Marauder x2, Marine x3  
  125  9:59  Marine  
  126  10:00  Siege Tank  
  126  10:02  Supply Depot  
  126  10:03  Widow Mine x2  
  126  10:05  Supply Depot  
  133  10:14  Marine  
  133  10:17  Marauder, Medivac  
  133  10:19  Marauder  
  140  10:23  Siege Tank  
  140  10:24  Marauder  
  140  10:25  Widow Mine x2, Supply Depot  
  149  10:33  Siege Tank  
  151  10:46  Widow Mine, Medivac  
  126  10:57  Marauder x4  
  126  10:58  Marine x2  
  113  11:16  Marine x2  
  109  11:18  Marauder  
  109  11:19  Marauder x3  
  117  11:27  Siege Tank x2  
  117  11:28  Widow Mine x2  
  127  11:33  Marine x2  
  127  11:39  Marine x2  
  131  11:40  Marauder x2  
  135  11:49  Widow Mine x2  
  135  11:51  Marine x2  
  141  11:56  Medivac  
  141  11:58  Marauder x2  
  141  11:59  Siege Tank x2  
  155  12:01  Marauder, Marine  
  156  12:13  Marine x2  
  158  12:19  Marauder x3  
  164  12:23  Refinery  
  164  12:29  Command Center  
  164  12:30  Marine  
  164  12:33  Marine, Medivac  
  164  12:36  Marauder, Supply Depot  
  162  12:37  Supply Depot  
  162  12:39  Supply Depot  
  162  12:40  Command Center  
  162  12:41  Marauder x3  
  140  12:46  Command Center  
  140  12:48  Marine  
  140  12:51  Marine  
  138  12:56  Marine  
Show
View Real Time Build Order
Export as new Build Order

qqq Protoss - Winner!

Build Orders: Carriers 

Get SALT Encoding   

  12  0:00  Probe  
  13  0:13  Probe  
  14  0:22  Pylon  
  14  0:30  Probe  
  15  0:43  Probe  
  15  0:46  Forge  
  16  1:17  Pylon  
  16  1:31  Pylon  
  16  1:34  Pylon  
  16  1:40  Photon Cannon  
  16  1:48  Pylon  
  16  2:02  Pylon  
  15  2:09  Photon Cannon  
  14  2:19  Probe  
  15  2:31  Probe  
  16  2:37  Gateway  
  16  2:43  Probe  
  17  2:46  Nexus  
  17  2:55  Probe (Chrono Boost)  
  18  3:04  Pylon  
  18  3:07  Assimilator  
  18  3:08  Probe (Chrono Boost)  
  18  3:12  Assimilator  
  19  3:16  Probe (Chrono Boost)  
  20  3:22  Probe  
  22  3:34  Probe (Chrono Boost)  
  22  3:35  Cybernetics Core  
  22  3:46  Probe (Chrono Boost)  
  23  3:51  Probe (Chrono Boost)  
  24  3:58  Probe (Chrono Boost)  
  24  4:01  Probe (Chrono Boost)  
  26  4:08  Probe (Chrono Boost)  
  26  4:09  Probe (Chrono Boost)  
  28  4:12  Stargate  
  28  4:13  Probe (Chrono Boost)  
  28  4:14  Probe  
  30  4:24  Probe  
  30  4:26  Probe  
  30  4:29  Assimilator  
  32  4:32  Assimilator  
  32  4:36  Probe, Stargate  
  33  4:39  Probe  
  33  4:41  Pylon  
  34  4:49  Probe  
  34  4:51  Probe  
  36  5:01  Probe, Phoenix (Chrono Boost)  
  36  5:03  Probe  
  40  5:13  Probe  
  40  5:15  Probe  
  37  5:23  Phoenix (Chrono Boost)  
  37  5:25  Probe  
  37  5:27  Probe  
  38  5:38  Probe (Chrono Boost)  
  38  5:39  Probe (Chrono Boost)  
  38  5:42  Phoenix x2  
  46  5:50  Probe (Chrono Boost)  
  46  5:51  Probe (Chrono Boost)  
  46  5:55  Probe (Chrono Boost)  
  47  5:58  Fleet Beacon  
  47  6:03  Probe (Chrono Boost)  
  47  6:07  Phoenix  
  47  6:09  Probe (Chrono Boost)  
  51  6:14  Phoenix  
  51  6:15  Probe (Chrono Boost)  
  54  6:26  Pylon  
  54  6:28  Protoss Air Weapons Level 1 (Chrono Boost)  
  54  6:44  Probe  
  55  6:55  Nexus  
  55  7:19  Carrier  
  61  7:25  Pylon  
  61  7:29  Pylon  
  61  7:30  Pylon  
  61  7:32  Probe (Chrono Boost)  
  62  7:41  Pylon  
  62  7:44  Probe (Chrono Boost), Carrier  
  70  7:46  Probe (Chrono Boost)  
  70  7:50  Probe  
  70  7:56  Probe  
  72  8:02  Probe  
  72  8:03  Nexus  
  73  8:08  Probe  
  74  8:20  Probe  
  74  8:24  Carrier  
  81  8:34  Pylon  
  81  8:35  Probe  
  81  8:38  Pylon  
  82  8:46  Assimilator  
  82  8:48  Probe, Carrier  
  89  8:50  Assimilator  
  89  9:00  Probe, Photon Cannon, Stargate  
  90  9:03  Photon Cannon, Protoss Air Armor Level 1  
  90  9:12  Probe, Robotics Facility  
  92  9:24  Probe  
  92  9:28  Carrier  
  98  9:33  Probe  
  98  9:36  Probe  
  93  9:45  Probe  
  93  9:48  Probe  
  93  9:52  Carrier  
  100  9:57  Probe  
  101  10:00  Probe  
  102  10:09  Probe  
  102  10:12  Probe  
  104  10:32  Carrier  
  104  10:33  Observer  
  111  10:35  Probe x2  
  113  10:47  Probe  
  113  10:48  Probe  
  115  10:55  Observer  
  115  10:56  Carrier  
  122  11:00  Probe x2  
  124  11:06  Assimilator  
  124  11:10  Assimilator  
  124  11:12  Probe  
  125  11:24  Probe  
  124  11:28  Carrier  
  128  11:36  Probe, Carrier  
  136  11:47  Observer  
  136  11:48  Probe  
  125  12:01  Carrier  
Show
View Real Time Build Order
Export as new Build Order

Dop Zerg 

Build Orders: Hatch First 

Get SALT Encoding   

  12  0:01  Drone  
  13  0:13  Overlord  
  13  0:16  Drone  
  14  0:31  Drone x2  
  16  0:49  Hatchery  
  15  0:52  Drone  
  15  0:57  Drone  
  17  1:00  Drone  
  18  1:10  Extractor  
  17  1:17  Spawning Pool  
  16  1:20  Drone  
  16  1:23  Drone  
  18  1:29  Drone  
  19  1:44  Drone  
  20  1:55  Drone  
  21  2:05  Drone  
  21  2:06  Queen x2, Zergling x2  
  27  2:16  Zergling x2  
  28  2:40  Hatchery  
  28  2:41  Zergling x4  
  29  2:53  Overlord  
  29  2:58  Overlord  
  29  3:04  Lair  
  29  3:06  Roach Warren  
  29  3:11  Queen  
  30  3:18  Drone x2  
  30  3:19  Drone x3  
  35  3:23  Overlord  
  35  3:29  Drone  
  36  3:47  Hatchery, Metabolic Boost  
  35  3:56  Drone x4  
  39  4:05  Drone x4  
  39  4:07  Drone  
  44  4:12  Overlord  
  44  4:25  Overlord x3  
  41  4:37  Extractor  
  41  4:38  Extractor, Roach x4  
  48  4:41  Pneumatized Carapace  
  47  4:58  Roach x5  
  57  5:11  Drone  
  57  5:12  Drone x2  
  57  5:13  Drone x3  
  63  5:14  Overlord  
  63  5:16  Drone x3  
  63  5:18  Queen  
  68  5:34  Drone x3  
  68  5:35  Drone x3  
  74  5:45  Spore Crawler  
  74  5:47  Drone x2, Spore Crawler  
  74  5:49  Queen x2  
  78  5:58  Drone x4  
  82  6:07  Drone x5  
  87  6:24  Extractor  
  87  6:25  Extractor, Spore Crawler  
  85  6:29  Hydralisk Den  
  83  6:33  Overseer  
  83  6:37  Drone  
  83  6:38  Drone x3  
  85  7:07  Overlord x3  
  83  7:11  Spore Crawler  
  83  7:12  Queen  
  82  7:15  Spore Crawler  
  82  7:18  Queen  
  82  7:19  Spore Crawler  
  82  7:30  Roach  
  82  7:31  Hydralisk x6, Roach x3  
  82  7:35  Muscular Augments  
  102  7:40  Hatchery  
  102  7:42  Hydralisk  
  102  7:43  Hydralisk  
  105  7:46  Overlord  
  104  7:58  Drone x2  
  106  8:04  Overlord  
  106  8:06  Hydralisk  
  106  8:07  Hydralisk x3  
  113  8:29  Evolution Chamber x2, Overlord  
  113  8:30  Overlord x4  
  113  8:31  Overlord x5  
  113  8:34  Drone x3  
  114  8:44  Overseer  
  114  8:47  Grooved Spines  
  114  8:51  Hatchery  
  113  8:56  Hydralisk x15  
  113  8:57  Hydralisk  
  113  9:00  Hydralisk  
  147  9:04  Lurker Den  
  147  9:08  Infestation Pit  
  145  9:12  Zerg Missile Weapons Level 1, Zerg Ground Armor Level 1  
  145  9:16  Drone  
  147  9:17  Drone x2  
  147  9:18  Drone  
  147  9:19  Drone  
  147  9:21  Drone  
  151  9:41  Hydralisk x2  
  119  10:04  Hydralisk  
  119  10:05  Hydralisk x12  
  115  10:15  Hydralisk  
  115  10:16  Hydralisk x2  
  115  10:17  Drone  
  115  10:18  Drone x3  
  121  10:27  Hydralisk x2  
  121  10:28  Hydralisk  
  119  10:42  Hydralisk x4  
  121  10:47  Hydralisk  
  121  10:49  Zergling x16  
  113  11:03  Hydralisk x2  
  113  11:04  Hydralisk x3  
  99  11:23  Hydralisk  
  99  11:24  Hydralisk x4  
  101  11:34  Hatchery  
  101  11:39  Lurker x2  
  86  12:10  Zergling x2  
  86  12:11  Zergling x46  
  77  12:52  Hydralisk  
  77  12:53  Hydralisk x10  
Show
View Real Time Build Order
Export as new Build Order

BroNumberOne Protoss 

Build Orders: 1 Gate Expand, Oracle Opening 

Get SALT Encoding   

  12  0:00  Probe  
  13  0:13  Probe  
  14  0:24  Pylon  
  14  0:25  Probe  
  15  0:42  Probe (Chrono Boost), Gateway  
  16  0:45  Assimilator  
  16  0:53  Probe (Chrono Boost)  
  17  0:58  Probe (Chrono Boost)  
  18  1:08  Probe  
  19  1:20  Probe  
  20  1:26  Nexus  
  20  1:39  Cybernetics Core  
  20  1:42  Probe  
  21  1:49  Pylon  
  21  1:54  Probe  
  21  2:00  Assimilator  
  22  2:14  Stalker (Chrono Boost)  
  21  2:18  Warp Gate  
  23  2:25  Probe  
  24  2:35  Stalker (Chrono Boost)  
  24  2:37  Probe  
  24  2:43  Probe  
  28  2:50  Probe  
  29  3:01  Stargate  
  29  3:02  Probe  
  30  3:10  Stalker  
  30  3:12  Probe (Chrono Boost)  
  33  3:14  Probe (Chrono Boost)  
  34  3:23  Probe (Chrono Boost)  
  34  3:25  Probe (Chrono Boost)  
  36  3:28  Probe (Chrono Boost)  
  36  3:30  Probe (Chrono Boost)  
  38  3:38  Probe  
  39  3:42  Probe, Oracle (Chrono Boost)  
  43  3:50  Probe  
  44  3:58  Probe  
  44  3:59  Pylon  
  44  4:02  Probe  
  46  4:07  Pylon  
  46  4:17  Nexus  
  46  4:20  Probe x2  
  48  4:32  Probe x2  
  50  4:39  Stalker  
  50  4:44  Probe x2  
  50  4:45  Gateway  
  54  4:48  Gateway  
  54  4:49  Gateway  
  54  4:50  Gateway  
  54  4:56  Probe x2  
  56  5:03  Pylon  
  56  5:08  Probe x2  
  58  5:18  Forge  
  58  5:20  Probe x2  
  60  5:30  Twilight Council  
  60  5:33  Probe x2  
  60  5:35  Probe  
  63  5:38  Assimilator x2  
  63  5:41  Stalker x2  
  64  5:45  Probe  
  64  5:49  Probe x2  
  67  5:58  Probe  
  67  6:00  Stalker x3  
  67  6:01  Probe  
  75  6:05  Protoss Ground Weapons Level 1 (Chrono Boost)  
  75  6:06  Probe  
  75  6:07  Shield Battery  
  75  6:10  Probe  
  77  6:13  Assimilator  
  77  6:16  Assimilator, Stalker  
  79  6:23  Stalker  
  79  6:25  Probe x3  
  84  6:31  Stalker  
  85  6:33  Blink (Chrono Boost)  
  85  6:38  Pylon  
  85  6:42  Pylon  
  85  6:52  Pylon  
  85  6:53  Photon Cannon  
  85  7:04  Pylon  
  85  7:08  Pylon  
  85  7:10  Probe x3  
  88  7:15  Stalker x3  
  88  7:16  Stalker  
  99  7:27  Probe x2  
  99  7:28  Probe  
  102  7:32  Nexus  
  102  7:35  Robotics Facility  
  99  7:39  Probe, Pylon  
  99  7:40  Stalker x2  
  104  7:51  Photon Cannon  
  104  7:53  Photon Cannon  
  104  7:59  Probe x2  
  104  8:05  Stalker x4  
  112  8:07  Protoss Ground Weapons Level 2 (Chrono Boost)  
  114  8:16  Charge (Chrono Boost)  
  114  8:30  Probe x3  
  117  8:36  Pylon  
  117  8:39  Observer (Chrono Boost), Gateway, Pylon  
  117  8:40  Gateway, Pylon  
  118  8:42  Probe, Gateway  
  118  8:44  Gateway x2  
  118  8:45  Templar Archives  
  119  8:49  Pylon  
  119  8:57  Stalker x5  
  119  8:58  Observer (Chrono Boost)  
  130  9:09  Pylon  
  130  9:11  Photon Cannon  
  130  9:13  Probe  
  130  9:16  Photon Cannon  
  131  9:17  Probe  
  131  9:18  Probe x2, Photon Cannon  
  134  9:25  Probe, Forge  
  134  9:30  High Templar x5  
  145  9:35  Psionic Storm  
  107  10:05  Zealot x3  
  107  10:06  Zealot x7, Robotics Bay  
  127  10:18  Protoss Ground Armor Level 1 (Chrono Boost)  
  127  10:20  Assimilator  
  127  10:21  Assimilator  
  127  10:25  Gateway  
  127  10:27  Gateway  
  127  10:28  Gateway x2  
  127  10:31  Stalker x5  
  127  10:32  Stalker x5  
  133  10:53  Stalker  
  89  11:20  Stalker x6  
  89  11:21  Stalker x5  
  103  11:37  Stalker x3  
  98  11:54  Stalker  
  98  11:55  Stalker x9  
  98  11:56  Stalker  
  119  12:09  Stalker x3  
  121  12:22  Zealot x5  
  121  12:23  Zealot x6  
  121  12:29  Probe  
  139  12:30  Probe x2  
  116  12:42  Zealot x4  
  116  12:43  Zealot x2  
  128  12:58  Stalker x8  
  121  13:18  Zealot x6  
Tags
 
Add a new tag
Caveats
  • Supply blocks, unpowered buildings, or Contaminate may cause inaccurate times.
  • Supply counts are checked every 10 seconds.